cohdb
Replays
Latest Replays
All Replays
Popular Replays
Top Player Replays
Match Explorer
How It Works
Community
CoH3 Stats
Reddit
Sign in to upload your games and track your stats! →
Sign in with Steam
Match 46700134
Unlisted
Match 46700134
Overview
Messages
Build Orders
End
Construct Section Command Post
Selects Air and Sea Battlegroup
Infantry Section
Dingo Light Scout Car
Infantry Section
ML 3-inch Mortar Team
Construct Platoon Command Post
Unlock M3 Stuart Light Tanks
M3 Stuart Light Tank
Selects Commando Section Paradrop
Commando Section Paradrop
Infantry Section
Selects Commando Support Section Paradrop
Selects M1 Pack Howitzer Paradrop
M1 Pack Howitzer Paradrop
6-pounder Anti-tank Gun Team
Selects Anti-tank Rocket Loiter
Royal Engineer Section
Construct Company Command Post
Crusader II Medium Tank
Selects Supply Surplus
Selects UNKNOWN (223837)
Selects Assault Flares
Infantry Section
Assault Flares
Royal Engineer Section
CMP 15cwt Truck
Commando Section Paradrop
CMP 15cwt Truck
Crusader II Medium Tank
Gust
Mr.JackYeo
Sad Pepe
gio_misro
0
0
Comments
sign in to comment!
No comments posted yet!